 Dungeon Crawl Stone Soup version 0.17-a0-2208-ge5ab1d3 (webtiles) character file.

645695 kae the Axe Maniac (level 27, -2/271 (273) HPs)
             Began as a Hill Orc Fighter on Oct 25, 2015.
             Was the Champion of Qazlal.
             Killed from afar by an orb of fire (73 damage)
             ... with a fireball
             ... on level 4 of the Realm of Zot on Oct 26, 2015.
             The game lasted 03:00:03 (65036 turns).

kae the Axe Maniac (Hill Orc Fighter)              Turns: 65036, Time: 03:00:03

HP:   -2/271 (273)  AC: 33    Str: 32    XL:     27
MP:   30/30         EV: 20    Int: 10    God:    Qazlal [******]
Gold: 4519          SH: 42    Dex: 23    Spells: 0 memorised, 26 levels left

rFire  . . .     SeeInvis +     a - +9 war axe (vamp)
rCold  + . .     Clarity  .     R - +10 scale mail of Oloesy {Str+3}
rNeg   + + +     SustAt   .     E - +18 shield of the gong {rElec rN+ MR+ EV-5}
rPois  +         Gourm    .     q - +2 helmet {SInv}
rElec  +         Spirit   .     j - +0 cloak "Lekot" {rN+++ rCorr MP-9 Int+2}
rCorr  +         Warding  .     d - +2 pair of gloves {Dex+3}
rMut   .         Stasis   .     J - +2 pair of boots
MR     +++..                    u - amulet of regeneration
Stlth  ..........               p - ring of Puvvaucw {Str+5 Dex+2}
                                c - ring of Ruisit Cukh {rElec rPois rC+}

@: repel missiles, extremely resistant to hostile enchantments, extremely
unstealthy
A: no striking features
a: Upheaval, Elemental Force, Disaster Area, Renounce Religion
}: 3/15 runes: decaying, silver, gossamer


You were on level 4 of the Realm of Zot.
You worshipped Qazlal.
Qazlal was exalted by your worship.
You were hungry.

You visited 12 branches of the dungeon, and saw 57 of its levels.
You visited the Abyss 1 time.
You also visited: Sewer.

You collected 8106 gold pieces.
You spent 3587 gold pieces at shops.

Inventory:

Hand Weapons
 a - a +9 vampiric war axe (weapon)
Armour
 d - a +2 pair of gloves of dexterity (worn)
 h - a +2 cloak of magic resistance
 j - the +0 cloak "Lekot" (worn) {rN+++ rCorr MP-9 Int+2}
   (You found it on level 2 of the Elven Halls)

   It affects your intelligence (+2).
   It renders you almost immune to negative energy.
   It affects your magic capacity (-9).
   It protects you from acid and corrosion.
 q - a +2 helmet of see invisible (worn)
 E - the +18 shield of the gong (worn) {rElec rN+ MR+ EV-5}
   (You bought it in a shop on level 4 of the Orcish Mines)

   It affects your evasion (-5).
   It insulates you from electricity.
   It protects you from negative energy.
   It affects your resistance to hostile enchantments.
 J - a +2 pair of boots (worn)
 R - the +10 scale mail of Oloesy (worn) {Str+3}
   (You found it on level 2 of the Lair of Beasts)

   It affects your strength (+3).
Jewellery
 c - the ring of Ruisit Cukh (left hand) {rElec rPois rC+}
   (You bought it in a shop on level 4 of the Orcish Mines)

   [ring of protection from cold]

   It protects you from cold.
   It insulates you from electricity.
   It protects you from poison.
 p - the ring of Puvvaucw (right hand) {Str+5 Dex+2}
   (You found it on level 5 of the Vaults)

   [ring of strength]

   It affects your strength (+5).
   It affects your dexterity (+2).
 u - an amulet of regeneration (around neck)
 Z - an uncursed amulet of stasis
Wands
 k - a wand of digging (15)
 n - a wand of cold (12)
 w - a wand of paralysis (8)
 F - a wand of disintegration (15)
 I - a wand of fireball (5)
 P - a wand of cold (7)
Scrolls
 i - a scroll of amnesia
 o - 8 scrolls of identify
 r - 6 scrolls of teleportation
 s - 21 scrolls of remove curse
 v - 10 scrolls of magic mapping
 y - 4 scrolls of blinking
 B - 7 scrolls of fear
 H - a scroll of enchant armour
 K - 8 scrolls of recharging
 L - 4 scrolls of fog
 O - a scroll of holy word
Potions
 f - 2 potions of agility
 g - 24 potions of curing
 m - 6 potions of lignification
 z - a potion of magic
 A - 5 potions of ambrosia
 C - 9 potions of haste
 D - 14 potions of heal wounds
 G - 3 potions of berserk rage
 M - 5 potions of invisibility
 N - 3 potions of flight
 T - 2 potions of cancellation
 V - 5 potions of resistance
 Y - 4 potions of might
Miscellaneous
 b - the horn of Geryon
Comestibles
 e - 9 bread rations
 l - 6 fruits
 t - 2 meat rations


   Skills:
 O Level 27 Fighting
 O Level 27 Axes
 - Level 17.0 Armour
 - Level 15.0 Dodging
 - Level 15.3 Shields
 + Level 24.2 Invocations
 - Level 15.2 Evocations


You had 26 spell levels left.
You didn't know any spells.

Dungeon Overview and Level Annotations

Branches:
Dungeon (15/15)            Temple (1/1) D:6            Lair (8/8) D:8
  Swamp (4/4) Lair:5       Spider (4/4) Lair:3        Slime (0/6) Lair:6
    Orc (4/4) D:9             Elf (3/3) Orc:4        Vaults (5/5) D:14
  Crypt (3/3) Vaults:3       Tomb (0/3) Crypt:3      Depths (5/5) D:15
   Hell (1/1)                 Dis (0/7) Hell            Geh (0/7) Hell
    Coc (0/7) Hell            Tar (0/7) Hell            Zot (4/5) Depths:5

Altars:
Ashenzari
Cheibriados
Dithmenos
Elyvilon
Fedhas
Gozag
Kikubaaqudgha
Makhleb
Nemelex Xobeh
Okawaru
Qazlal
Ru
Sif Muna
Trog
Vehumet
Xom
Yredelemnul
Zin
The Shining One
Beogh
Jiyva

Shops:
D:5 *=**   D:12 %   D:14 *   Orc:3 ?   Orc:4 *[=(   Vaults:1 !   Vaults:3 *
Vaults:4 [

Portals:
Hell: Depths:1 Depths:2 Depths:3 Depths:4 Depths:5
Abyss: Depths:3 Depths:4
Pandemonium: Depths:3 Depths:4
Ziggurat: Depths:1
Trove: Depths:4 (give wand of hasting (8))

Annotations:
Lair:6 1 runed door
Lair:8 2 exclusions
Orc:4 1 exclusion


Message History

The orb of fire is almost destroyed.
The orb of fire emits a lurid red light.
The fireball explodes!
The fireball engulfs you!
* * * LOW HITPOINT WARNING * * *
The fireball engulfs the orb of fire.
The orb of fire completely resists.
You are too injured to fight recklessly!
Unknown command.
You are too injured to fight recklessly!
You are too injured to fight recklessly!
Unknown command.
You miss the orb of fire.
The orb of fire is almost destroyed.
The orb of fire glows red.
The bolt of fire misses you.
Unknown command.
You slash the orb of fire!
The orb of fire is almost destroyed.
The orb of fire glows bright magenta.
The fireball explodes!
The fireball engulfs you!
You die...

#..........#.........## ..
##..........##.........# ...#
#...........##.........#
#.....####.....#......##.........
###............#...##..#.........
..##.###..###......# #..........#
...####..## #.§.§.§# #..........#
....##..## #...*.§# ##.........#
#[..##..# #.§§@§.# #........#
##.).#.## #.§..§.# #........#
.#.§§##.# #.§.§.## #........#
.##...#.# #.....# #........#
..#.)§§.# #.....# #.......##
..#§..))# #.....# ##......#
.##...#)# #.....# #.......##
.#...##.# #.....# #........#
##...#).# #....^# #........#


You could see an orb of fire.

Vanquished Creatures
  Mara (Depths:4)
  Mennas (Depths:5)
  A juggernaut (Depths:3)
  Sojobo (Depths:2)
  A greater mummy (Crypt:3)
  Frederick (Vaults:5)
  Norris (Vaults:3)
  A curse toe (Zot:3)
  2 Killer Klowns
  Geryon (Hell)
  8 golden dragons
  Jory (Crypt:1)
  the Enchantress (Depths:4)
  A bone dragon (Swamp:4)
  Jorgrun (Depths:3)
  A hellephant (Hell)
  12 tentacled monstrosities
  6 liches
  2 titans (Vaults:5)
  Asterion (Vaults:3)
  A deep elf master archer (Elf:3)
  2 deep elf blademasters (Elf:3)
  11 acid blobs (Zot:4)
  4 ancient champions
  A quicksilver dragon (Depths:5)
  A tentacled starspawn (Abyss:1)
  5 sphinxes
  8 tengu reavers
  Agnes (Elf:2)
  7 shadow dragons
  8 death cobs
  15 storm dragons
  Kirke (Spider:3)
  5 draconian monks
  2 revenants (Crypt:2)
  A thorn hunter (Swamp:4)
  13 fire giants
  Wiglaf (Vaults:2)
  2 orc warlords
  9 ghost moths
  A balrug (Abyss:1)
  Maud (Orc:2)
  3 emperor scorpions (Spider:4)
  7 draconian knights
  12 deep elf sorcerers
  6 draconian scorchers
  Louise (Elf:1)
  9 frost giants
  3 curse skulls
  6 draconian shifters
  A cacodemon (Hell)
  8 vault wardens
  6 draconian zealots
  4 draconian annihilators
  12 ghouls
  5 reapers
  A caustic shrike skeleton (Depths:4)
  4 spriggan defenders
  2 war gargoyles
  12 very ugly things
  14 ironheart preservers
  A juggernaut skeleton (Crypt:2)
  13 stone giants
  6 draconian callers
  4 deep elf demonologists
  3 salamander firebrands (Hell)
  Nessos (Orc:3)
  A starcursed mass (Abyss:1)
  4 green draconians
  A vampire knight (Crypt:3)
  9 purple draconians
  10 mottled draconians
  22 yellow draconians
  Azrael (Elf:2)
  3 salamander stormcallers
  5 black draconians
  5 deep elf annihilators
  8 white draconians
  10 red draconians
  7 ettins
  The ghost of nublet the Transmogrifier, a journeyman DrTm of Kikubaaqudgha (D:12)
  4 eidola
  10 deep elf death magi
  A merfolk javelineer (Depths:1)
  A green death (Hell)
  A quicksilver dragon zombie (Crypt:1)
  A mummy priest (Crypt:3)
  4 blizzard demons
  9 jiangshi
  6 crystal guardians (Elf:3)
  23 fire dragons
  6 deep elf high priests
  17 yaktaur captains
  7 entropy weavers
  21 vault guards
  An ice dragon (shapeshifter) (Vaults:2)
  17 ice dragons
  8 great orbs of eyes
  Harold (Lair:3)
  A hydra (shapeshifter) (Vaults:5)
  15 hydras
  A catoblepas (shapeshifter) (Vaults:5)
  A monstrous demonspawn (Depths:3)
  A quicksilver dragon skeleton (Crypt:1)
  4 rakshasas
  10 ogre magi
  Erica (Depths:2)
  2 catoblepae
  A death knight (Crypt:1)
  6 spriggan air magi
  6 centaur warriors
  5 ghost crabs
  4 vampire magi
  4 alligators
  15 dancing weapons
  A queen ant (Lair:3)
  4 deep troll shamans
  4 hell hogs
  Urug (Lair:4)
  4 spriggan berserkers
  10 small abominations
  3 deep troll earth magi
  2 orc high priests
  4 tengu warriors
  11 death yaks
  3 soul eaters
  A thrashing horror (Abyss:1)
  Nergalle (Depths:2)
  5 shadow wraiths
  12 deep elf knights
  6 spriggans
  A titan skeleton (Depths:4)
  5 large abominations
  A wretched star (Abyss:1)
  21 skeletal warriors
  16 hell knights
  4 ice devils
  2 sun demons (Hell)
  A fire crab (Vaults:2)
  4 spriggan druids
  4 giant orange brains
  8 deep elf summoners
  9 flayed ghosts
  27 deep trolls
  4 unseen horrors
  3 lindwurms
  2 ice statues (Hell)
  A death drake (Depths:4)
  3 spectral hydras (Swamp:4)
  9 phantasmal warriors
  Pikel (D:8)
  10 necromancers
  6 hornets (Spider:4)
  13 deep elf conjurers
  2 wizards
  27 wolf spiders
  A harpy (shapeshifter) (Vaults:5)
  2 oklob plants
  15 ironbrand convokers
  15 orb spiders
  A wolf spider zombie (D:13)
  3 manticores
  23 orc knights
  2 kraken simulacra (Hell)
  A swamp dragon (Swamp:1)
  5 hill giants
  10 orc sorcerers
  A frost giant zombie (Crypt:1)
  A salamander (shapeshifter) (Depths:4)
  7 cyclopes
  A tengu skeleton (Depths:4)
  9 griffons
  A centaur zombie (D:14)
  19 moths of wrath
  A manticore (shapeshifter) (Vaults:5)
  3 frost giant skeletons
  A human skeleton (Vaults:4)
  20 ugly things
  5 black mambas
  A rust devil (Hell)
  9 elephants
  Joseph (D:7)
  A moth of wrath (shapeshifter) (Vaults:5)
  2 sixfirhies
  17 vault sentinels
  An orange demon (Depths:1)
  A titan simulacrum (Depths:4)
  7 gargoyles
  5 spectral swamp worms (Depths:4)
  2 yaktaurs (shapeshifter)
  4 smoke demons
  2 torpor snails
  2 dire elephant skeletons
  19 spiny frogs
  A tormentor (Hell)
  A storm dragon simulacrum (Vaults:1)
  A centaur skeleton (D:14)
  11 komodo dragons
  8 demonic crawlers
  50 yaktaurs
  A komodo dragon (shapeshifter) (D:15)
  The ghost of M4edhros the Sneak, a novice OpAr (D:4)
  15 fire drakes
  An emperor scorpion zombie (Crypt:3)
  29 guardian mummies (Crypt:3)
  6 swamp worm zombies (Swamp:4)
  An anaconda simulacrum (Crypt:2)
  A yellow draconian skeleton (Crypt:1)
  2 blue devils (Hell)
  A red devil (Hell)
  5 tengu conjurers
  3 ancient zymes (Abyss:1)
  A troll (shapeshifter) (Vaults:3)
  8 trolls
  12 freezing wraiths
  A polar bear (Lair:8)
  4 hydra zombies (Swamp:4)
  21 deep elf priests
  29 jumping spiders
  A jumping spider (shapeshifter) (Depths:5)
  A hornet zombie (Crypt:3)
  An ettin zombie (Vaults:4)
  15 ushabtiu (Crypt:3)
  21 two-headed ogres
  5 giant leeches
  An alligator zombie (Hell)
  3 hydra skeletons
  4 boulder beetles
  23 bog bodies
  48 slime creatures
  3 spectral swamp dragons (Swamp:4)
  21 blink frogs
  An ettin skeleton (Vaults:4)
  76 redbacks
  A redback (shapeshifter) (Vaults:5)
  5 flying skulls (Abyss:1)
  33 yaks
  2 raiju (Abyss:1)
  17 trapdoor spiders
  2 ynoxinuls
  2 fire dragon skeletons (Crypt:1)
  4 air elementals
  39 deep elf fighters
  5 water elementals
  2 alligator skeletons
  9 fire elementals
  4 shadows
  8 wraiths
  3 vampires
  2 hogs (Spider:4)
  A chaos spawn (Abyss:1)
  25 deep elf magi
  2 neqoxecs (Abyss:1)
  11 wyverns
  23 tarantellas
  A steam dragon (D:11)
  27 vampire mosquitoes
  13 hippogriffs
  A human (shapeshifter) (Vaults:3)
  2 hungry ghosts
  3 golden eyes (Abyss:1)
  16 soldier ants (Lair:3)
  3 wargs
  An elf skeleton (Depths:4)
  25 swamp worms
  Menkaure (D:7)
  13 basilisks
  A human simulacrum (Vaults:1)
  5 mottled dragons
  A hydra simulacrum (Hell)
  A merfolk zombie (Crypt:1)
  23 insubstantial wisps
  15 porcupines
  5 hell hounds
  A spiny frog zombie (Hell)
  35 wolves
  13 water moccasins
  55 orc warriors
  9 swamp drakes
  An ice beast (shapeshifter) (Depths:2)
  4 necrophages
  17 spiders
  2 sky beasts
  Purgy (Sewer)
  A black bear (shapeshifter) (D:12)
  4 slaves (D:8)
  5 black bears
  42 ogres
  A spiny frog skeleton (Hell)
  3 swamp dragon zombies (Swamp:4)
  15 centaurs
  2 ettin simulacra
  7 ice beasts
  A snapping turtle skeleton (Crypt:2)
  8 phantoms
  A blink frog skeleton (Crypt:2)
  5 wasps
  22 crocodiles
  4 elf zombies
  7 big kobolds
  A brain worm (Abyss:1)
  A komodo dragon zombie (Crypt:2)
  Blork the orc (D:6)
  A hog skeleton (Crypt:3)
  2 earth elementals (Depths:2)
  25 giant frogs
  A komodo dragon skeleton (Crypt:2)
  6 scorpions
  A spiny frog simulacrum (Hell)
  An ogre simulacrum (Vaults:1)
  A boulder beetle zombie (Crypt:1)
  2 wyvern skeletons
  4 wights (D:8)
  2 electric eels
  26 jellies
  A black bear zombie (Crypt:1)
  12 crimson imps
  6 hounds
  45 orc priests
  9 iguanas
  2 quasits
  2 giant frog zombies
  2 two-headed ogre zombies
  47 orc wizards
  2 giant frog skeletons (D:12)
  An iron imp (Depths:2)
  A demonspawn skeleton (Crypt:1)
  3 basilisk skeletons
  2 spectral swamp drakes (Swamp:4)
  40 worker ants
  26 sheep
  A brain worm zombie (Crypt:3)
  A naga skeleton (Crypt:3)
  A hound skeleton (D:9)
  4 mummies (Crypt:3)
  A steam dragon zombie (Crypt:1)
  69 river rats
  A steam dragon skeleton (Crypt:3)
  15 adders
  3 white imps
  4 shadow imps
  2 oozes
  A sheep zombie (Crypt:2)
  3 adder skeletons
  2 adder zombies
  6 worms
  4 giant geckos
  239 orcs
  12 bats
  A bat zombie (Crypt:1)
  3 giant cockroaches
  6 goblins
  6 hobgoblins
  14 jackals
  20 kobolds
  3 quokkas
  8 giant newts
  A gnoll zombie (Crypt:1)
  A hobgoblin skeleton (Crypt:2)
  A jackal skeleton (D:9)
  A quokka skeleton (D:4)
  A quokka zombie (D:7)
  13 rats
  2 bushes
  18 crawling corpses
  4 fire vortices (Vaults:2)
  71 fungi
  56 plants
  A starspawn tentacle (Abyss:1)
  A tentacle (Hell)
3006 creatures vanquished.

Vanquished Creatures (collateral kills)
  Saint Roka (Depths:3)
  A golden dragon (Zot:1)
  A tentacled monstrosity (Vaults:5)
  A storm dragon (Vaults:5)
  A deep elf annihilator (Elf:3)
  2 vault guards (Vaults:5)
  A vampire mage (Depths:3)
  A hornet (Spider:4)
  A wolf spider (Spider:4)
  A yaktaur (Vaults:5)
  A demonic crawler (Spider:4)
  A hog (Spider:4)
  A wasp (Spider:4)
  A crawling corpse (Vaults:5)
15 creatures vanquished.

Vanquished Creatures (others)
  A lich (Depths:5)
  A tengu reaver (Depths:5)
  A deep elf sorcerer (Depths:2)
  3 draconian scorchers
  A draconian caller (Zot:4)
  A blizzard demon (Hell)
  3 vault guards (Vaults:5)
  A deep elf high priest (Elf:3)
  A yaktaur captain (Depths:5)
  A rakshasa (Depths:2)
  An ogre mage (Vaults:4)
  An alligator (Swamp:4)
  2 deep elf knights
  A giant orange brain (Depths:5)
  A phantasmal warrior (Crypt:3)
  A deep elf conjurer (Elf:2)
  A deep elf priest (Vaults:5)
  A spriggan (Depths:5)
  2 air elementals (Depths:2)
  A redback (Vaults:5)
  A deep elf mage (Depths:5)
  2 swamp worms
  An ogre (Vaults:5)
  An orc warrior (Vaults:2)
  2 orcs (D:5)
  4 crawling corpses
  16 fungi
  9 lost souls
  14 plants
  3 starspawn tentacles (Abyss:1)
  A starspawn tentacle segment (Abyss:1)
  7 tentacles (Hell)
  27 tentacle segments (Hell)
114 creatures vanquished.

Grand Total: 3135 creatures vanquished

Notes
Turn   | Place    | Note
--------------------------------------------------------------
     0 | D:1      | kae the Hill Orc Fighter began the quest for the Orb.
     0 | D:1      | Reached XP level 1. HP: 19/19 MP: 1/1
   312 | D:1      | Reached XP level 2. HP: 26/26 MP: 2/2
   736 | D:1      | Reached skill level 4 in Axes
   919 | D:2      | Reached XP level 3. HP: 20/31 MP: 3/3
   951 | D:2      | Reached skill level 5 in Axes
  1048 | D:2      | HP: 1/31 [worm (7)]
  1049 | D:2      | Reached XP level 4. HP: 1/39 MP: 4/4
  1664 | D:2      | Found a deep blue altar of Sif Muna.
  1780 | D:3      | Reached skill level 6 in Axes
  1804 | D:3      | Reached XP level 5. HP: 32/45 MP: 5/5
  1977 | D:3      | Found a glowing drain.
  1982 | Sewer    | Entered a sewer
  2061 | Sewer    | Noticed Purgy
  2074 | Sewer    | Killed Purgy
  2074 | Sewer    | Reached skill level 8 in Axes
  2074 | Sewer    | Reached XP level 6. HP: 30/51 MP: 6/6
  2676 | D:4      | Reached skill level 9 in Axes
  2697 | D:4      | Noticed M4edhros's ghost (novice OpAr)
  3088 | D:4      | Reached XP level 7. HP: 15/57 MP: 7/7
  3176 | D:4      | Found a radiant altar of Vehumet.
  3363 | D:4      | Killed M4edhros's ghost
  3363 | D:4      | Reached skill level 10 in Axes
  3542 | D:4      | Reached skill level 11 in Axes
  3620 | D:4      | Found a shattered altar of Ashenzari.
  3628 | D:4      | Saw a vision of the Swamp and the Spider Nest.
  3628 | D:4      | Noticed a wolf spider
  3628 | D:4      | Noticed a redback
  3628 | D:4      | Noticed a water moccasin
  3628 | D:4      | Noticed a redback
  3628 | D:4      | Noticed a trapdoor spider
  3629 | D:4      | Noticed an alligator
  3632 | D:4      | Noticed a redback
  3706 | D:4      | Found a shadowy altar of Dithmenos.
  3850 | D:5      | Entered Level 5 of the Dungeon
  4007 | D:5      | Found Usmeh's Assorted Antiques.
  4012 | D:5      | Found Reuph's Assorted Antiques.
  4026 | D:5      | Bought a scroll labeled OTWEUSSUUMN for 25 gold pieces
  4026 | D:5      | Bought a scroll labeled CAIVEZ ELEBOOM for 25 gold pieces
  4026 | D:5      | Bought a scroll labeled DASKIDGH SODO for 25 gold pieces
  4043 | D:5      | Reached XP level 8. HP: 58/64 MP: 8/8
  4073 | D:5      | Bought a scroll labeled KYIGOO TYACUY for 29 gold pieces
  4073 | D:5      | Bought a scroll labeled CEPROK VUONEW for 29 gold pieces
  4126 | D:5      | Found Elatuz's Jewellery Shop.
  4181 | D:5      | Found Gases Weuwio's Assorted Antiques.
  4186 | D:5      | Bought a scroll labeled ETENNAKH WEISE for 29 gold pieces
  4239 | D:5      | Found Ugetod's Assorted Antiques.
  4624 | D:6      | Reached skill level 12 in Axes
  4674 | D:6      | Found a glowing silver altar of Zin.
  4889 | D:6      | Reached skill level 13 in Axes
  4900 | D:6      | Found a staircase to the Ecumenical Temple.
  4923 | Temple   | Entered the Ecumenical Temple
  5012 | Temple   | Became a worshipper of Qazlal Stormbringer
  5078 | D:6      | Found a burning altar of Makhleb.
  5087 | D:6      | Noticed Blork the orc
  5094 | D:6      | Killed Blork the orc
  5561 | D:7      | Reached skill level 14 in Axes
  5561 | D:7      | Reached XP level 9. HP: 70/70 MP: 9/9
  5570 | D:7      | Reached skill level 1 in Invocations
  5867 | D:7      | Found an opulent altar of Gozag.
  5893 | D:7      | Found a white marble altar of Elyvilon.
  5899 | D:7      | Noticed Menkaure
  5921 | D:7      | Reached * piety under Qazlal
  5932 | D:7      | Reached skill level 5 in Invocations
  5941 | D:7      | Found a snail-covered altar of Cheibriados.
  5943 | D:7      | Killed Menkaure
  6170 | D:7      | Noticed a moth of wrath
  6173 | D:7      | Found a bloodstained altar of Trog.
  6237 | D:7      | Noticed Joseph
  6254 | D:7      | Killed Joseph
  6445 | D:8      | Reached skill level 5 in Fighting
  6471 | D:8      | Noticed an elephant
  6482 | D:8      | Killed an elephant
  6482 | D:8      | Reached XP level 10. HP: 72/86 MP: 16/16
  6531 | D:8      | Noticed Pikel
  6540 | D:8      | Killed Pikel
  6742 | D:8      | Reached ** piety under Qazlal
  6874 | D:8      | Found a staircase to the Lair.
  6998 | Lair:1   | Entered Level 1 of the Lair of Beasts
  7158 | Lair:1   | Noticed a black mamba
  7167 | Lair:1   | Killed a black mamba
  7167 | Lair:1   | Reached skill level 10 in Fighting
  7720 | Lair:1   | Reached XP level 11. HP: 98/104 MP: 17/17
  7996 | Lair:1   | Reached *** piety under Qazlal
  8557 | Lair:2   | Reached skill level 5 in Armour
  9173 | Lair:2   | Got a distressingly furry scale mail
  9378 | Lair:3   | Noticed Harold
  9401 | Lair:2   | Identified the +10 scale mail of Oloesy {Str+3} (You found it on level 2 of the Lair of Beasts)
  9454 | Lair:3   | Found a hole to the Spider Nest.
  9531 | Lair:3   | Reached XP level 12. HP: 107/117 MP: 18/18
  9557 | Lair:3   | Noticed a queen ant
  9560 | Lair:3   | Reached **** piety under Qazlal
  9588 | Lair:3   | Killed a queen ant
  9588 | Lair:3   | Reached skill level 10 in Armour
  9716 | Lair:3   | Killed Harold
  9804 | Lair:3   | Reached ***** piety under Qazlal
 10493 | Lair:4   | Noticed Urug
 10510 | Lair:4   | Killed Urug
 10510 | Lair:4   | Reached skill level 15 in Axes
 11338 | Lair:5   | You fall through a shaft!
 11362 | Lair:6   | Reached XP level 13. HP: 102/124 MP: 19/19
 11528 | Lair:6   | Reached skill level 16 in Axes
 11890 | Lair:5   | Reached skill level 17 in Axes
 12014 | Lair:5   | Found a staircase to the Swamp.
 12359 | Lair:6   | Reached ****** piety under Qazlal
 12552 | Lair:6   | Noticed an acid blob
 12561 | Lair:6   | Found a runed door.
 12561 | Lair:6   | Found a viscous altar of Jiyva.
 12561 | Lair:6   | Found a staircase to the Slime Pits.
 13216 | Lair:6   | Reached skill level 18 in Axes
 13487 | Lair:7   | Reached skill level 19 in Axes
 13856 | Lair:7   | Got a bound sapphire amulet
 13974 | Lair:8   | Entered Level 8 of the Lair of Beasts
 14006 | Lair:8   | Reached skill level 10 in Invocations
 14006 | Lair:8   | Reached XP level 14. HP: 129/132 MP: 21/21
 15413 | D:9      | Found a staircase to the Orcish Mines.
 15517 | D:9      | Found an iron altar of Okawaru.
 15927 | D:9      | Found a glowing golden altar of the Shining One.
 15990 | Orc:1    | Entered Level 1 of the Orcish Mines
 16157 | Orc:2    | Noticed Maud
 16174 | Orc:2    | Killed Maud
 16174 | Orc:2    | Reached skill level 15 in Invocations
 16467 | Orc:2    | Noticed an orc warlord
 16468 | Orc:2    | Found a roughly hewn altar of Beogh.
 16497 | Orc:2    | Killed an orc warlord
 17547 | Orc:3    | Noticed Nessos
 17580 | Orc:3    | Killed Nessos
 17888 | Orc:3    | Reached XP level 15. HP: 138/138 MP: 27/27
 17905 | Orc:3    | Found Doicsiople's Magic Scroll Shop.
 17909 | Orc:3    | Bought a scroll of identify for 32 gold pieces
 17909 | Orc:3    | Bought 2 scrolls of identify for 64 gold pieces
 18268 | Orc:4    | Entered Level 4 of the Orcish Mines
 18893 | Orc:4    | Found a roughly hewn altar of Beogh.
 18897 | Orc:4    | Found Ithracab's Antique Armour Shoppe.
 18914 | Orc:4    | Found Lazesi's General Store.
 19006 | Orc:4    | Found Yned's Antique Weapon Shoppe.
 19140 | Orc:4    | Found Bomeit's Jewellery Shoppe.
 19195 | Orc:4    | Bought the +18 shield of the gong {rElec rN+ MR+ EV-5} for 1070 gold pieces
 19208 | Orc:4    | Identified the amulet "Fyren" {+Rage rF- Int+4} (You found it on level 7 of the Lair of Beasts)
 19228 | Orc:4    | Bought the ring of Ruisit Cukh {rElec rPois rC+} for 691 gold pieces
 19331 | D:10     | Entered Level 10 of the Dungeon
 20852 | D:11     | Got a steaming scale mail
 20863 | D:11     | Identified the cursed +1 scale mail "Daenaes" {rF- Int+2 Slay+3} (You found it on level 11 of the Dungeon)
 20943 | D:12     | Found Gois's Food Boutique.
 20984 | D:12     | Reached skill level 5 in Shields
 21188 | D:12     | Noticed nublet's ghost (journeyman DrTm)
 21208 | D:12     | Killed nublet's ghost
 23090 | D:14     | Reached skill level 10 in Shields
 23112 | D:14     | Reached XP level 16. HP: 128/146 MP: 29/29
 23256 | D:14     | Found a gate to the Vaults.
 23305 | D:14     | Found Alubeyd's General Store.
 23311 | D:14     | Bought an uncursed ring of see invisible for 240 gold pieces
 23503 | D:15     | Entered Level 15 of the Dungeon
 23787 | D:15     | Found a staircase to the Depths.
 24643 | Lair:1   | Noticed a six-headed hydra
 24645 | Lair:1   | Killed a six-headed hydra
 24673 | Spider:1 | Entered Level 1 of the Spider Nest
 25775 | Spider:2 | Reached skill level 15 in Shields
 26189 | Spider:2 | Reached XP level 17. HP: 130/152 MP: 30/30
 27151 | Spider:3 | Reached skill level 20 in Axes
 27667 | Spider:4 | Entered Level 4 of the Spider Nest
 27866 | Spider:4 | Noticed Kirke
 28128 | Spider:3 | Killed Kirke
 28128 | Spider:3 | Reached skill level 21 in Axes
 29025 | Spider:4 | Reached skill level 22 in Axes
 29218 | Spider:4 | Got a gossamer rune of Zot
 29492 | Swamp:1  | Entered Level 1 of the Swamp
 29743 | Swamp:1  | Reached XP level 18. HP: 147/160 MP: 31/31
 30295 | Swamp:2  | Reached skill level 23 in Axes
 31583 | Swamp:4  | Entered Level 4 of the Swamp
 31680 | Swamp:4  | Reached skill level 24 in Axes
 32011 | Swamp:4  | Noticed a bone dragon
 32073 | Swamp:4  | Killed a bone dragon
 32906 | Swamp:4  | Got a decaying rune of Zot
 33515 | Vaults:1 | Entered Level 1 of the Vaults
 33593 | Vaults:1 | Reached skill level 25 in Axes
 33869 | Vaults:1 | Reached XP level 19. HP: 127/165 MP: 32/32
 34245 | Vaults:1 | Reached skill level 26 in Axes
 34459 | Vaults:1 | Found Tepuoh's Distillery.
 35446 | Orc:4    | Found a staircase to the Elven Halls.
 35608 | Elf:1    | Entered Level 1 of the Elven Halls
 35670 | Elf:1    | Noticed Louise
 35682 | Elf:1    | Killed Louise
 35904 | Elf:1    | Identified Cigotuvi's Handbook of Evil
 36060 | Elf:1    | Got a coiled wooden ring
 36374 | Elf:2    | Got an ichor-stained cloak
 36380 | Elf:2    | Identified the cursed +0 cloak "Lekot" {rN+++ rCorr MP-9 Int+2} (You found it on level 2 of the Elven Halls)
 36618 | Elf:2    | Noticed Azrael
 36634 | Elf:2    | Killed Azrael
 36642 | Elf:2    | Reached skill level 27 in Axes
 36797 | Elf:2    | Found a runed gate.
 36806 | Elf:2    | Found a runed gate.
 36806 | Elf:2    | Found a runed gate.
 36882 | Elf:2    | Found a shimmering altar of Xom.
 36937 | Elf:2    | Identified a scroll of acquirement
 36938 | Elf:2    | Got a distressingly furry ring mail
 36939 | Elf:2    | Identified the +5 ring mail of Tartarus {Dex+4} (You acquired it on level 2 of the Elven Halls)
 36940 | Elf:2    | Identified the ring of Hefat {+/*Tele rC+ Str+4} (You found it on level 1 of the Elven Halls)
 36960 | Elf:2    | Noticed Agnes
 36982 | Elf:2    | Killed Agnes
 36982 | Elf:2    | Reached skill level 15 in Fighting
 37337 | Elf:3    | Entered Level 3 of the Elven Halls
 37635 | Elf:3    | Reached XP level 20. HP: 146/179 MP: 24/33
 37751 | Elf:3    | Got a scintillating glass ring
 37995 | Elf:3    | Cast into the Abyss (a deep elf sorcerer)
 38202 | Abyss:1  | Gained mutation: Your magical capacity is low (-10% MP). [a neqoxec]
 38302 | Elf:3    | Escaped the Abyss
 38904 | Elf:3    | Identified the ring of Visaetuu {Fire rElec Str+3 Int+4 Dex-3} (You took it off a deep elf sorcerer on level 3 of the Elven Halls)
 39571 | Vaults:2 | Noticed Wiglaf
 39605 | Vaults:2 | Killed Wiglaf
 39783 | Vaults:2 | Reached XP level 21. HP: 199/199 MP: 21/30
 40098 | Vaults:2 | Found a flickering gateway to a bazaar.
 41444 | Vaults:3 | Noticed Norris
 41470 | Vaults:3 | Killed Norris
 41635 | Vaults:3 | Found a staircase to the Crypt.
 41635 | Vaults:3 | Found a basalt altar of Yredelemnul.
 41636 | Vaults:3 | Found an ancient bone altar of Kikubaaqudgha.
 41669 | Vaults:3 | Found Tevioroli's Assorted Antiques.
 41677 | Vaults:3 | Bought a scroll of enchant weapon for 232 gold pieces
 41683 | Vaults:3 | Noticed Asterion
 41709 | Vaults:3 | Killed Asterion
 42671 | Vaults:4 | Found Nepietue's Antique Armour Shoppe.
 42709 | Vaults:4 | Bought an embroidered hat for 176 gold pieces
 43497 | Vaults:5 | Entered Level 5 of the Vaults
 43530 | Vaults:5 | Reached XP level 22. HP: 171/218 MP: 8/31
 43533 | Vaults:5 | Noticed a golden dragon
 43557 | Vaults:4 | Killed a golden dragon
 43644 | Vaults:5 | Noticed Frederick
 43652 | Vaults:5 | Reached skill level 15 in Armour
 43839 | Vaults:5 | Identified the Disquisition on Boosts
 43844 | Vaults:5 | Got an ancient steel ring
 43897 | Vaults:5 | Identified the ring of Puvvaucw {Str+5 Dex+2} (You found it on level 5 of the Vaults)
 44143 | Vaults:5 | Killed Frederick
 44187 | Vaults:5 | Reached XP level 23. HP: 143/224 MP: 21/32
 44863 | Vaults:5 | Got a silver rune of Zot
 45438 | Lair:1   | Upgraded the game from 0.17-a0-2171-ga91b4ec to 0.17-a0-2208-ge5ab1d3
 45850 | Depths:1 | Entered Level 1 of the Depths
 46557 | Depths:1 | Found a gateway to Hell.
 46654 | Depths:1 | Found a gateway to a ziggurat.
 46950 | Depths:2 | Noticed Sojobo
 46979 | Depths:2 | Killed Sojobo
 47205 | Depths:2 | Found a glowing silver altar of Zin.
 47221 | Depths:2 | Noticed Erica
 47223 | Depths:2 | Killed Erica
 47260 | Depths:2 | Noticed Nergalle
 47270 | Depths:2 | Killed Nergalle
 48074 | Depths:3 | Noticed Saint Roka
 48226 | Depths:3 | Killed Saint Roka
 48358 | Depths:3 | Reached skill level 1 in Evocations
 48365 | Depths:3 | Found a one-way gate leading to the halls of Pandemonium.
 48640 | Depths:3 | Found a one-way gate to the infinite horrors of the Abyss.
 48703 | Depths:4 | Noticed Mara
 48706 | Depths:4 | Noticed kae's illusion
 48707 | Depths:4 | Noticed Jorgrun
 48957 | Depths:3 | Killed Jorgrun
 49023 | Depths:3 | Reached skill level 5 in Evocations
 49152 | Depths:4 | Noticed kae's illusion
 49157 | Depths:4 | Noticed a juggernaut
 49186 | Depths:3 | Killed a juggernaut
 49245 | Depths:4 | Reached XP level 24. HP: 233/233 MP: 25/34
 49259 | Depths:4 | Killed Mara
 49615 | Depths:4 | Found a portal to a secret trove of treasure.
 50309 | Depths:4 | Reached XP level 25. HP: 241/241 MP: 25/34
 50340 | Depths:4 | Got a glittering granite ring
 50358 | Depths:4 | Identified Opyozagu's Catalogue of Cloudy Protection
 50368 | Depths:4 | Identified the ring "Ziwo Pes" {rPois Int+2} (You found it on level 4 of the Depths)
 50437 | Depths:4 | Reached skill level 10 in Evocations
 50471 | Depths:5 | Entered Level 5 of the Depths
 50489 | Depths:5 | Noticed the Enchantress
 50499 | Depths:4 | Killed the Enchantress
 51395 | Depths:5 | Noticed Mennas
 51403 | Depths:5 | Reached XP level 26. HP: 233/248 MP: 25/34
 51731 | Depths:5 | Killed Mennas
 51731 | Depths:5 | Reached skill level 15 in Evocations
 51868 | Depths:5 | Found a gate to the Realm of Zot.
 53522 | Crypt:1  | Entered Level 1 of the Crypt
 54002 | Crypt:1  | Reached skill level 5 in Dodging
 54788 | Crypt:2  | Noticed Jory
 55036 | Crypt:1  | Killed Jory
 56000 | Crypt:3  | Entered Level 3 of the Crypt
 56335 | Crypt:3  | Found a staircase to the Tomb.
 56479 | Crypt:3  | Noticed a greater mummy
 57070 | Crypt:3  | Killed a greater mummy
 57070 | Crypt:3  | Reached skill level 10 in Dodging
 57070 | Crypt:3  | Reached XP level 27. HP: 155/258 MP: 18/34
 58452 | Orc:4    | Bought an uncursed amulet of stasis for 280 gold pieces
 58452 | Orc:4    | Bought an uncursed amulet of resist mutation for 640 gold pieces
 59026 | Hell     | Entered the Vestibule of Hell
 59307 | Hell     | Noticed Geryon
 59375 | Hell     | Killed Geryon
 59515 | Hell     | Found a gateway to the decaying netherworld of Tartarus.
 59595 | Hell     | Found a gateway to the freezing wastes of Cocytus.
 59740 | Hell     | Found a gateway to the Iron City of Dis.
 59779 | Hell     | Found a gateway to the ashen valley of Gehenna.
 60160 | Zot:1    | Entered Level 1 of the Realm of Zot
 60853 | Zot:1    | Reached skill level 15 in Dodging
 61743 | Zot:2    | HP: 9/258 [poisoned by a death drake (dark miasma)]
 61745 | Zot:1    | HP: 2/258 [poisoned by a death drake (dark miasma)]
 62314 | Zot:2    | Lost mutation: Your magical capacity is low (-10% MP). [a Zot trap]
 63982 | Zot:4    | Reached skill level 27 in Fighting
 65025 | Zot:4    | Noticed an orb of fire
 65036 | Zot:4    | Killed from afar by an orb of fire

Vault maps used:
D:1:      erik_arrival_cave_to_civilisation, nrook_mini_vaults
D:2:      lemuel_coloured_pillars_altar
D:3:      wad_crossroads, portal_sewer_entry_e
D:4:      nicolae_dithmenos_through_a_glass_darkly, lemuel_crystal_altar,
          grunt_ashenzari_visionary
D:5:      first_bread, serial_shops, shop, shop, shop, shop, shop,
          lemuel_flamethrower_2
D:6:      nicolae_overflow_crystal_walls, minmay_temple_entry_glassed_door,
          basic_altar, kennysheep_generic_room_14, uniq_blork_the_orc
D:7:      tgw_trog, grunt_gozag_statues, elyvilon_altar_5, old_standard_altar,
          kennysheep_dice, uniq_joseph, uniq_menkaure
D:8:      david_lair_generic, uniq_pikel
D:9:      okawaru_trees_1, nicolae_tso_carved_into_rock, hiddenorc2_lemuel
D:10:     hangedman_ranch, grunt_decor_mini_mirrors
D:12:     serial_shops, nicolae_shop_statue_plus, statue_in_the_mist_lemuel
D:14:     david_vaults_2, hangedman_abyss_or_decor_clamps, serial_shops,
          nicolae_shop_stone
D:15:     hangedman_depths_entry_civil_slaughter, dk_noncrumbling_4
Temple:   circular_temple_pool_8
Lair:3:   spider_nest_entry_web_field, serial_forest, infiniplex_forest_lined_2,
          infiniplex_forest_corner_2, infiniplex_forest_end_1,
          infiniplex_forest_clump_C, infiniplex_forest_zigzag_2,
          infiniplex_forest_clump_tiny, infiniplex_forest_lined_3_way,
          infiniplex_forest_end_2, zaba_anthell, uniq_harold
Lair:4:   grunt_megastairs_3, uniq_urug
Lair:5:   minmay_swamp_entry_worms, nicolae_lair_grove_arrangements,
          grunt_megastairs_5, infiniplex_staircase_pool
Lair:6:   slime_altar_2, grunt_forest_stairs_basic
Lair:8:   grunt_lair_end_beastmaster
Swamp:1:  evilmike_swamp_ruin_house_5
Swamp:2:  evilmike_swamp_ruin_house_4
Swamp:3:  evilmike_swamp_ruin_house_3
Swamp:4:  swamp_pestilence, swamp_pool1
Spider:1: nicolae_spider_webs_and_nodes
Spider:2: nicolae_spider_shape
Spider:4: spider_rune_water, uniq_kirke
Orc:1:    minmay_orc_keep
Orc:2:    orc_temple, uniq_maud
Orc:3:    serial_shops, shop, nicolae_orc_pool_cavern, uniq_nessos
Orc:4:    grunt_orc_cross
Elf:1:    elf_arrival_001, minmay_elf_necromancy, hex_medium,
          grunt_ministairs_2, uniq_louise
Elf:2:    basic_altar, spider_trap, uniq_agnes, uniq_azrael
Elf:3:    minmay_elf_hall_golems
Vaults:1: nicolae_vaults_little_squares_1, v_misc_31, v_misc_3,
          vaults_room_door_hall, vaults_room_stairs_pillars,
          ontoclasm_vaults_shout, ontoclasm_vaults_pinch,
          nicolae_vaults_little_ls, ontoclasm_vaults_shuriken, vaults_mumra_lcd,
          nicolae_vaults_mini_display_case, nicolae_vaults_shelves_hall,
          vaults_dpeg_diagonal, vaults_mumra_hex, serial_shops,
          nicolae_shop_behind_doors
Vaults:2: vaults_room_fancy_cross, v_misc_18, nicolae_vaults_border_crossing,
          vaults_dpeg_cross, vaults_dpeg_spiral, vaults_room_octagon,
          hangedman_vaults_stretched_pinwheel, vaults_room_glass_cross,
          vaults_mumra_hexcomb, nicolae_vaults_rhombus_7, vaults_room_door_ring,
          nicolae_vaults_theta, nicolae_vaults_what_the_h, vaults_room_hallway,
          serial_shops, bzr_entry_lakeside, uniq_wiglaf
Vaults:3: minmay_crypt_entry_necro_gods, nicolae_vaults_little_squares_3,
          nicolae_vaults_asterisk, hangedman_vaults_slice,
          vaults_standard_mumra_enter_the_diamond, hangedman_vaults_river_flow,
          v_misc_24, hangedman_vaults_pinch, hangedman_vaults_cutoff,
          nicolae_vaults_c_with_doors, nicolae_vaults_ring_of_whatevers,
          v_rooms_5, grunt_vaults_hallway_short, serial_shops, shop,
          uniq_norris, uniq_asterion
Vaults:4: v_misc_2, vaults_room_pools, hangedman_vaults_nails,
          vaults_room_fours, vaults_standard_mumra_x, nicolae_vaults_theta,
          nicolae_vaults_asterisk, v_rooms_3, ontoclasm_vaults_misaligned,
          v_misc_12, ontoclasm_vaults_misaligned,
          ontoclasm_vaults_loading_screen, serial_shops, shop
Vaults:5: serial_shops, uniq_frederick
Crypt:1:  serial_sigils_hangedman_etch, tombwall_bobbens
Crypt:2:  grunt_ministairs_12, uniq_jory
Crypt:3:  due_elkab
Depths:1: enter_ziggurat_d, hangedman_coc_ice_floe,
          hangedman_decor_clover_reticule, columned_hall_lemuel,
          hangedman_decor_riveting, minmay_misc_feat_tiny,
          corexii_leaking_fountain, spider_trap, grunt_decor_resistance,
          minmay_misc_feat_five, minmay_crystal_water, st_stairs_6,
          minmay_metal_thing
Depths:2: constructs_gauntlet_mu_hangedman, grunt_hell_entry_dis_mu,
          lemuel_crystal_altar, nicolae_twisting_strands, st_stairs_4,
          minmay_staircase_windowed_small, uniq_sojobo
Depths:3: minmay_skeletal_surprise, abyss_entry_small_statue_room, hell_entry,
          rand_demon_pan_entry_8, uniq_saint_roka
Depths:4: gold_lair_mu, pan_entry, nicolae_trove_entry_crossroad,
          kennysheep_boxes, abyss_entry, pf_hell_entry_tar_river, firewood_loft,
          uniq_jorgrun, uniq_mara
Depths:5: grunt_runaround, serial_shops, hell_entry, uniq_enchantress,
          uniq_mennas
Zot:1:    grunt_deathspiral_small
Zot:2:    lemuel_draconian_sentries_small, st_stairs_8
Zot:4:    lemuel_acid_trip
Sewer:    kennysheep_door_sewer

Action                   |  1- 3 |  4- 6 |  7- 9 | 10-12 | 13-15 | 16-18 | 19-21 | 22-24 | 25-27 || total
-------------------------+-------+-------+-------+-------+-------+-------+-------+-------+-------++-------
Melee: War axe           |   105 |   169 |    71 |       |       |       |  1776 |  1126 |  2848 ||  6095
       Hand axe          |       |       |   209 |   596 |  1399 |  1850 |    97 |       |       ||  4151
Invok: Upheaval          |       |       |       |     1 |    20 |    20 |     1 |     3 |     9 ||    54
       Elemental Force   |       |       |       |       |       |     2 |     2 |     5 |     1 ||    10
       Disaster Area     |       |       |       |       |       |       |     1 |     2 |     1 ||     4
Evoke: Wand              |       |       |       |       |     3 |       |     1 |     3 |     6 ||    13
  Use: Potion            |       |     1 |     3 |     1 |     3 |     2 |     2 |     2 |     2 ||    16
       Scroll            |       |    10 |    12 |     2 |    15 |     8 |    11 |     6 |    19 ||    83
 Stab: Invisible         |       |       |       |       |     2 |       |       |       |       ||     2
       Confused          |       |       |       |       |       |     2 |       |     2 |       ||     4
       Distracted        |       |       |       |       |       |       |       |     6 |       ||     6
  Eat: Chunk             |     1 |     6 |    12 |    17 |    40 |    32 |    25 |    20 |    27 ||   180
       Pizza             |       |       |       |     2 |     2 |     2 |       |     1 |     3 ||    10
       Beef jerky        |       |       |       |       |     1 |     1 |     3 |       |     1 ||     6
       Royal jelly       |       |       |       |       |       |     1 |     3 |       |     1 ||     5
       Meat ration       |       |       |       |       |       |     1 |       |     1 |       ||     2
       Bread ration      |       |       |       |       |       |     1 |     1 |       |     7 ||     9
       Fruit             |       |       |       |       |       |     1 |       |       |     5 ||     6
